 Dungeon Crawl Stone Soup version 0.17.0-28-g6e173f8 (webtiles) character file.

212 PossumBlood the Archer (level 5, 0/41 HPs)
             Began as a Centaur Hunter on Dec 2, 2015.
             Succumbed to paplaukes's ghost's poison
             ... on level 3 of the Dungeon.
             The game lasted 00:06:25 (2403 turns).

PossumBlood the Archer (Centaur Hunter)             Turns: 2403, Time: 00:06:26

Health: 0/41       AC:  7    Str: 14    XL:     5   Next: 58%
Magic:  5/5        EV: 15    Int: 10    God:
Gold:   92         SH:  0    Dex: 16    Spells: 0 memorised, 4 levels left

rFire  . . .     SeeInvis .     a - +1 shortbow
rCold  . . .     Clarity  .     i - +3 leather armour
rNeg   + . .     SustAt   .     (shield currently unavailable)
rPois  .         Gourm    .     (no helmet)
rElec  .         Spirit   .     (no cloak)
rCorr  .         Warding  .     (no gloves)
rMut   .         Stasis   .     (no barding)
MR     .....                    (no amulet)
Stlth  ++........               (no ring)
                                x - ring of positive energy

@: agile, lethally poisoned (0 -> -34), invisible, very quick, not resistant to
hostile enchantments, unstealthy
A: hooves 3, deformed body, speed 2, tough skin 3
a: no special abilities


You were on level 3 of the Dungeon.
You were not hungry.

You visited 1 branch of the dungeon, and saw 3 of its levels.

You collected 92 gold pieces.

Inventory:

Hand Weapons
 a - a +1 shortbow (weapon)
 b - a +0 short sword
 h - a +1 dagger of venom
Missiles
 d - 20 arrows (quivered)
Armour
 i - a +3 leather armour (worn)
Jewellery
 g - an uncursed amulet of rage
 x - a ring of positive energy (left hand)
 y - an uncursed ring of sustain attributes {unknown}
Wands
 v - a wand of random effects (17)
Scrolls
 f - 2 scrolls of teleportation
 m - a scroll of blinking
 n - 4 scrolls of identify
 p - a scroll of remove curse {unknown}
 s - a scroll of recharging
 u - a scroll of random uselessness {unknown}
 z - a scroll of magic mapping {unknown}
Potions
 j - a potion of invisibility
 k - a potion of agility
 l - a potion of cancellation {unknown}
 o - a potion of ambrosia {unknown}
 r - a potion of curing {unknown}
 t - a potion of might {unknown}
 w - a potion of lignification {unknown}
Comestibles
 c - a beef jerky
 e - a bread ration
 q - a meat ration


   Skills:
 + Level 2.2 Fighting
 + Level 8.5 Bows
 + Level 0.7 Armour
 + Level 1.6 Dodging
 + Level 0.9 Stealth


You had 4 spell levels left.
You didn't know any spells.

Dungeon Overview and Level Annotations

Branches:
Dungeon (3/15)

Altars:

Annotations:
D:3 paplaukes's ghost, weakling DsNe


Innate Abilities, Weirdness & Mutations

You have hooves in place of feet.
Armour fits poorly on your strangely shaped body.
You cover ground very quickly.
You have extremely tough skin (AC +3).


Message History

Firing (i - inventory):
d - 21 arrows (quivered)
Press: ? - help, Shift-Dir - straight line, f/p - paplaukes's ghost
Aim: paplaukes's ghost, wielding a weapon of venom (almost destroyed)
You shoot an arrow.
The arrow closely misses paplaukes's ghost.
* * * LOW HITPOINT WARNING * * *
You feel sick. The kobold hits you but does no damage.
Paplaukes's ghost hits you!
* * * LOW HITPOINT WARNING * * *
You are more poisoned.
Drink which item? (? for menu, Esc to quit)
It was a potion of agility.
You feel agile all of a sudden.
* * * LOW HITPOINT WARNING * * *
You feel very sick. The kobold closely misses you.
Paplaukes's ghost misses you.
Drink which item? (? for menu, Esc to quit)
It was a potion of invisibility.
You fade into invisibility!
You die...

.. .# (# ( #(
#(############
#.W...........
#>K@..........
#.####.####### #.
#.......#
#.####.......#
#....#.......# ##+
#............# ... ##
##..........#####...
... #..................
...###...###..........#


You could see paplaukes's ghost and a kobold.

Vanquished Creatures
  An orc wizard (D:3)
  Terence (D:2)
  10 adders
  An ooze (D:1)
  3 worms
  3 orcs (D:3)
  2 giant cockroaches
  10 goblins
  3 hobgoblins
  6 kobolds
  9 bats
  2 giant newts
  9 rats
60 creatures vanquished.

Notes
Turn   | Place    | Note
--------------------------------------------------------------
     0 | D:1      | PossumBlood the Centaur Hunter began the quest for the Orb.
     0 | D:1      | Reached XP level 1. HP: 17/17 MP: 1/1
   206 | D:1      | Reached XP level 2. HP: 21/24 MP: 2/2
   321 | D:1      | Reached skill level 6 in Bows
   624 | D:2      | Reached XP level 3. HP: 29/29 MP: 3/3
   843 | D:2      | Noticed Terence
   856 | D:2      | Killed Terence
   856 | D:2      | Reached skill level 7 in Bows
   856 | D:2      | Reached XP level 4. HP: 18/36 MP: 4/4
  1801 | D:2      | Reached XP level 5. HP: 41/41 MP: 5/5
  1992 | D:3      | Reached skill level 8 in Bows
  2379 | D:3      | Noticed paplaukes's ghost (weakling DsNe)
  2402 | D:3      | HP: 2/41 [poisoned by paplaukes's ghost]
  2403 | D:3      | Succumbed to paplaukes's ghost's poison

Action                   |  1- 3 |  4- 6 || total
-------------------------+-------+-------++-------
 Fire: Shortbow          |    74 |   137 ||   211
  Use: Scroll            |     3 |     4 ||     7
       Potion            |       |     2 ||     2
  Eat: Bread ration      |       |     1 ||     1
